AoeStats
← NDF

Arabia

506527600Analyzed
2v2 RM · 18d ago on Sep 13, 2026· 51m 44s· 4 players
Game mode
Random Map
Map size
Medium (4 player)
Population
200
Speed
Normal
Resources
Standard
Victory
Conquest
Starting age
Dark Age
Ending age
Imperial Age
RankedLock teamsTeams togetherTeam positionsShared explorationLock speedFull tech treeHidden civsTurbo modeCheats
Victory
Defeat
🇪🇬 Japanese · Egypt
767
+16
🇪🇬 Turks · Egypt
761
+17
🇦🇷 Teutons · Argentina
775
-17
🇦🇷 Spanish · Argentina
773
-16
Legend
3:34 Loom
11:16 Feudal Age
12:44 Wheelbarrow
19:37 Castle Age
18:16 Double-Bit Axe
23:10 Bow Saw
28:50 Town Watch
30:21 Fervor
33:55 Imperial Age
33:11 Forging
33:01 Scale Mail Armor
32:52 Fletching
34:02 Squires
34:42 Iron Casting
35:05 Horse Collar
36:42 Capped Ram
38:16 Hand Cart
38:02 Town Patrol
40:52 Artillery
41:13 Stone Mining
41:18 Gold Mining
44:16 Padded Archer Armor
47:20 Elite Janissary
49:35 Bodkin Arrow
49:56 Leather Archer Armor
49:57 Chain Mail Armor
51:56 Gold Shaft Mining
Fear
7:36 Loom
11:40 Feudal Age
13:24 Wheelbarrow
12:36 Double-Bit Axe
12:33 Horse Collar
17:45 Castle Age
21:54 Arson
22:13 Scale Mail Armor
25:33 Hand Cart
27:10 Pikeman
27:50 Squires
28:52 Stone Mining
29:18 Gold Mining
37:36 Chain Mail Armor
43:44 Imperial Age
44:06 Elite Samurai
46:11 Plate Mail Armor
estebanpa
4:47 Loom
11:28 Feudal Age
12:40 Double-Bit Axe
12:40 Horse Collar
18:47 Stone Mining
21:23 Castle Age
22:43 Bloodlines
23:28 Scale Barding Armor
25:15 Stone Shaft Mining
24:56 Bow Saw
35:25 Gold Mining
39:42 Imperial Age
36:58 Town Watch
37:21 Inquisition
40:47 Onager
44:30 Two-Man Saw
44:13 Chain Barding Armor
43:27 Cavalier
46:42 Block Printing
48:35 Redemption
NDF
3:17 Loom
13:45 Feudal Age
20:18 Bloodlines
32:08 Castle Age
41:23 Double-Bit Axe
43:22 Bow Saw
45:13 Horse Collar
Connection lost

Rejoining the realm…

Still unreachable

The connection could not be restored.

Session expired

The server has moved on; the page needs a fresh start.